Map: 오토메이턴 - 래더

Players

Scarlett

  • Race: Zerg Zerg
  • League: Diamond

Maru - Winner!

  • Race: Terran Terran

Event: WESG 2018 Grand Finals

VOD

Have the link to the VOD?

Description

Time

  • Played on: March 17, 2019, 3:05 a.m.
  • Length: 12:35

All games in this series

Show
View Real Time Build Order
Export as new Build Order

Scarlett Zerg 

Build Orders: Hatch First, Muta Ling Bane 

Get SALT Encoding   

  12  0:00  Drone  
  13  0:12  Overlord  
  13  0:17  Drone  
  14  0:30  Drone x2  
  16  0:48  Hatchery  
  15  0:52  Drone  
  15  0:56  Drone  
  17  0:59  Drone  
  18  1:09  Extractor  
  17  1:14  Spawning Pool  
  17  1:18  Drone  
  17  1:21  Drone  
  18  1:27  Drone  
  19  1:38  Drone  
  20  1:50  Drone  
  21  2:01  Queen  
  21  2:02  Zergling x4  
  27  2:12  Hatchery  
  24  2:15  Queen  
  24  2:21  Overlord  
  26  2:25  Drone  
  26  2:29  Drone  
  28  2:34  Metabolic Boost  
  28  2:41  Drone x2  
  30  2:45  Drone  
  30  2:49  Overlord  
  31  2:51  Drone  
  32  2:59  Queen  
  32  3:04  Drone x2  
  36  3:11  Drone x4  
  40  3:19  Overlord  
  40  3:23  Drone  
  40  3:24  Drone x3  
  44  3:29  Overlord  
  44  3:31  Zergling x2  
  44  3:32  Zergling x2  
  46  3:42  Queen  
  46  3:44  Zergling x4  
  46  3:45  Zergling x2  
  46  3:47  Queen  
  53  3:52  Drone x3  
  56  3:59  Queen  
  58  4:03  Drone x3  
  58  4:06  Overlord  
  58  4:08  Drone  
  62  4:10  Overlord  
  62  4:14  Drone x2  
  64  4:18  Queen  
  66  4:28  Queen  
  66  4:30  Drone x3  
  63  4:32  Drone  
  64  4:39  Queen  
  64  4:43  Drone x4  
  70  4:51  Spore Crawler  
  69  4:57  Drone x8  
  77  5:03  Drone x4  
  77  5:12  Lair, Drone x5  
  81  5:17  Evolution Chamber  
  81  5:18  Evolution Chamber, Extractor  
  81  5:19  Extractor  
  77  5:28  Drone x4  
  77  5:30  Overlord, Extractor  
  77  5:33  Baneling Nest  
  77  5:34  Extractor  
  77  5:35  Extractor  
  77  5:37  Overlord  
  77  5:38  Drone x4  
  81  5:44  Overlord  
  81  5:45  Overlord, Zerg Melee Weapons Level 1, Zerg Ground Armor Level 1  
  81  5:46  Overlord  
  81  5:50  Zergling x8  
  85  5:58  Zergling x14  
  87  6:18  Drone x7  
  80  6:33  Drone x8  
  85  6:40  Drone x5  
  85  6:46  Zergling x2  
  91  6:50  Zergling x4  
  91  6:51  Queen x3  
  99  6:58  Hydralisk Den, Zergling x8  
  99  7:00  Centrifical Hooks  
  102  7:02  Overseer  
  102  7:05  Baneling x2  
  102  7:06  Zergling x6  
  105  7:09  Zergling x2  
  105  7:13  Hatchery  
  105  7:25  Spire  
  105  7:27  Zergling x12  
  105  7:28  Baneling x5  
  112  7:37  Hatchery  
  112  7:40  Hatchery  
  112  7:41  Zerg Melee Weapons Level 2, Zerg Ground Armor Level 2  
  112  7:42  Overlord x2  
  110  7:50  Hatchery  
  109  7:58  Overseer  
  109  7:59  Baneling  
  109  8:00  Baneling x9  
  109  8:03  Drone x5  
  109  8:04  Infestation Pit  
  113  8:06  Overlord  
  113  8:12  Baneling x9  
  111  8:20  Zergling x2  
  111  8:21  Zergling x18  
  111  8:23  Baneling x6  
  120  8:33  Zergling x16  
  119  8:39  Zergling x2  
  113  8:42  Mutalisk x3  
  119  8:51  Drone x4  
  119  8:53  Mutalisk  
  119  8:54  Mutalisk  
  127  9:02  Mutalisk x4  
  135  9:12  Hive  
  135  9:13  Zergling x14  
  142  9:17  Baneling x4  
  128  9:24  Drone x2  
  128  9:25  Drone  
  128  9:27  Zergling x4  
  128  9:28  Zergling x14  
  128  9:30  Baneling  
  130  9:34  Baneling x2  
  130  9:35  Zergling x2  
  130  9:36  Zergling x8  
  129  9:39  Zergling x2  
  129  9:42  Baneling x8  
  128  9:45  Zergling x2  
  128  9:46  Zergling x10  
  128  9:51  Zerg Flyer Weapons Level 1  
  135  9:52  Zergling x2  
  135  9:53  Zergling x4  
  135  9:57  Pneumatized Carapace  
  137  10:02  Mutalisk x2  
  137  10:04  Zergling x8  
  145  10:07  Baneling  
  145  10:08  Baneling x5  
  145  10:13  Overlord x4  
  145  10:17  Baneling x6  
  140  10:24  Zergling x16  
  127  10:39  Zergling x6  
  127  10:40  Zergling x18  
  128  10:43  Zergling x4  
  128  10:44  Extractor  
  128  10:46  Baneling x9  
  128  10:47  Baneling x5  
  128  10:49  Overseer x2  
  129  10:53  Zergling x6  
  129  10:55  Baneling x4  
  132  10:57  Extractor  
  117  11:13  Zergling x4  
  117  11:14  Zergling x28  
  133  11:24  Baneling x5  
  133  11:25  Baneling x9  
  131  11:29  Zergling x12  
  119  11:41  Zergling x14  
  119  11:45  Zergling x14  
  128  11:50  Viper  
  128  11:51  Ultralisk Cavern  
  129  11:56  Zergling x8  
  134  12:07  Zergling x14  
  115  12:13  Zergling x16  
  115  12:14  Baneling x2  
Show
View Real Time Build Order
Export as new Build Order

Maru Terran - Winner!

Build Orders: Gas First Reaper Expand, Liberator Opening 

Get SALT Encoding   

  12  0:00  SCV  
  13  0:12  SCV  
  14  0:17  Supply Depot  
  14  0:24  SCV  
  15  0:30  Refinery  
  15  0:39  SCV  
  16  0:45  Barracks  
  16  0:51  SCV  
  17  1:03  SCV  
  18  1:15  SCV  
  19  1:31  Orbital Command  
  19  1:32  Reaper  
  20  1:45  Command Center  
  20  1:57  SCV  
  20  2:00  Factory  
  21  2:07  Barracks Reactor  
  21  2:09  SCV  
  21  2:13  Supply Depot  
  22  2:19  Refinery  
  22  2:21  SCV  
  23  2:35  SCV  
  24  2:45  Starport  
  24  2:47  SCV  
  25  2:53  Hellion x2  
  25  2:57  Orbital Command  
  29  3:00  SCV  
  30  3:10  Barracks Tech Lab  
  30  3:12  SCV  
  31  3:15  Hellion x2  
  35  3:22  Medivac  
  35  3:24  SCV  
  35  3:25  SCV  
  39  3:37  Supply Depot  
  39  3:41  Hellion x2, Liberator  
  43  3:43  SCV x2  
  45  3:51  Armory  
  45  3:55  SCV x2  
  49  4:03  Supply Depot  
  49  4:06  Hellion  
  53  4:10  Hellion  
  53  4:12  SCV  
  54  4:20  Supply Depot  
  54  4:24  SCV x2  
  54  4:25  Liberator  
  54  4:28  Hellion  
  58  4:32  Hellion  
  58  4:34  Hellion x3  
  58  4:36  Supply Depot, SCV x2  
  65  4:48  Marine, SCV x2  
  66  5:00  SCV x2  
  66  5:07  Hellion x2  
  66  5:12  Marine  
  66  5:13  Stimpack, SCV x2  
  67  5:16  Command Center  
  67  5:25  SCV x2  
  69  5:30  Hellion x2  
  73  5:37  SCV x2  
  73  5:38  Barracks x2  
  75  5:43  Refinery  
  75  5:44  Engineering Bay  
  75  5:45  Engineering Bay  
  75  5:49  SCV x2  
  77  5:50  Starport Reactor  
  77  5:55  Supply Depot  
  77  6:12  SCV  
  77  6:15  SCV  
  77  6:16  Hellion, Terran Infantry Weapons Level 1, Terran Infantry Armor Level 1  
  77  6:23  Hellion  
  77  6:24  SCV  
  78  6:32  Barracks Reactor x2  
  72  6:36  Barracks  
  72  6:38  Hellion  
  70  6:43  Marine  
  70  6:44  Hellion, Orbital Command, Starport Reactor  
  70  6:45  SCV x2  
  72  6:50  Refinery  
  72  6:53  Barracks  
  72  6:57  SCV  
  72  6:58  SCV  
  72  6:59  Widow Mine  
  72  7:01  Marine  
  76  7:06  Widow Mine  
  76  7:07  Orbital Command  
  79  7:10  Marine x3  
  79  7:11  Marine  
  79  7:12  SCV x2  
  85  7:19  Marine, Supply Depot  
  85  7:21  Widow Mine  
  88  7:23  Combat Shield  
  88  7:24  Supply Depot, SCV  
  88  7:26  Medivac  
  88  7:27  Widow Mine  
  88  7:28  Marine x3  
  88  7:29  Medivac  
  98  7:34  Marine x2  
  101  7:37  SCV  
  101  7:41  Marine, Supply Depot x2  
  101  7:42  Widow Mine  
  104  7:46  Barracks Reactor  
  104  7:48  Factory  
  104  7:49  Marine x3, Widow Mine  
  109  7:52  SCV x2  
  111  7:59  Supply Depot  
  111  8:04  SCV x2  
  111  8:05  SCV  
  114  8:07  Widow Mine  
  114  8:10  Marine x7, Widow Mine  
  125  8:16  SCV  
  125  8:19  SCV  
  123  8:22  Marine x2  
  123  8:28  Marine x7  
  123  8:30  Terran Infantry Weapons Level 2, Terran Infantry Armor Level 2  
  120  8:34  Widow Mine x2  
  120  8:40  Marine x2  
  111  8:43  Factory Tech Lab  
  111  8:45  Marine x2  
  111  8:46  Marine x5  
  118  8:48  SCV  
  118  8:50  Refinery  
  118  8:54  Medivac x2  
  123  8:58  Marine x2  
  123  9:00  Widow Mine x2  
  129  9:03  Marine x3  
  129  9:04  Marine x4  
  129  9:07  Command Center  
  129  9:08  Drilling Claws  
  138  9:10  Widow Mine  
  138  9:15  Marine x2  
  140  9:21  Marine x2, Widow Mine  
  140  9:23  Marine x3  
  136  9:25  Marine x2  
  136  9:28  Widow Mine  
  141  9:31  Barracks, Widow Mine  
  141  9:32  Barracks  
  141  9:33  Barracks  
  141  9:37  Marine x2  
  137  9:39  Medivac, Marine x2  
  137  9:44  Supply Depot x2  
  137  9:45  Supply Depot  
  140  9:57  Marine  
  141  10:05  Medivac, Marine x3  
  141  10:06  Marauder, Widow Mine x2, Thor  
  158  10:09  Medivac  
  160  10:18  Marine, Barracks Tech Lab  
  157  10:26  Barracks Tech Lab x2  
  157  10:27  Marauder, Widow Mine x2  
  150  10:34  Marine x2  
  150  10:35  Medivac  
  139  10:42  Marauder, Marine x5  
  139  10:48  Marauder, Widow Mine x2  
  139  10:49  Thor  
  151  10:50  Marine  
  151  10:51  Marauder x2, Marine  
  151  10:52  Marine  
  156  10:59  Marine  
  156  11:00  Marine x2  
  156  11:02  Planetary Fortress  
  156  11:03  Marauder  
  151  11:05  Marine  
  151  11:08  Marine  
  151  11:10  Marauder, Marine, Widow Mine  
  145  11:12  Marauder x2  
  145  11:15  Marine  
  145  11:16  SCV x2  
  152  11:25  Marauder, Marine x2  
  154  11:29  Marine  
  154  11:31  Marauder  
  157  11:33  Marauder x2  
  157  11:36  Marine x2  
  157  11:39  Concussive Shells  
  146  11:40  Marine  
  146  11:46  Marauder  
  149  11:48  Marine x2  
  149  11:52  Marauder, Widow Mine x3  
  159  11:55  Marauder x2  
  159  11:56  Marine x4  
  167  12:05  Marine  
  167  12:06  Marine x3  
  149  12:09  Marine  
  149  12:13  Marine, Widow Mine  
  149  12:14  Marine x4  
  157  12:16  Marine  
Tags
 
Add a new tag
Caveats
  • Supply blocks, unpowered buildings, or Contaminate may cause inaccurate times.
  • Supply counts are checked every 10 seconds.